TOP OF THE 1ST |
Nassau Rockets batting - Pitching for Pocatello Boccabellas : RHP Jesús De Los Santos
|
Pitching: RHP Jesús De Los Santos
|
|
Batting: LHB Don Ramey
|
0-0: Ball 1-0: Ball 2-0: Foul Ball, location: 2F 2-1: Foul Ball, location: 2F 2-2: Foul Ball, location: 2F 2-2: Foul Ball, location: 2F 2-2: Ball 3-2: Fly out, F8 (Flyball, 8RXD)
|
Batting: RHB Salvador Borbón
|
0-0: Called Strike 0-1: Called Strike 0-2: Ground out 6-3 (Groundball, 6)
|
Batting: SHB Howard Parker
|
0-0: Ball 1-0: Ball 2-0: Called Strike 2-1: Called Strike 2-2: Ball 3-2: Base on Balls
|
Batting: LHB Bob Martin
|
0-0: Fly out, F5 (Popup, 56S)
|
Top of the 1st over - 0 run(s), 0 hit(s), 0 error(s), 1 left on base; Nassau 0 - Pocatello 0 |
BOTTOM OF THE 1ST |
Pocatello Boccabellas batting - Pitching for Nassau Rockets : RHP Jing-xiang Fa
|
Pitching: RHP Jing-xiang Fa
|
|
Batting: RHB Tomás Carranza
|
0-0: Ball 1-0: Ball 2-0: Ball 3-0: Called Strike 3-1: Fly out, F6 (Line Drive, 56)
|
Batting: RHB Francisco Sandoval
|
0-0: Ball 1-0: Called Strike 1-1: Ball 2-1: Called Strike 2-2: Fly out, F8 (Line Drive, 8RM)
|
Batting: RHB Marlon Phipps
|
0-0: Ball 1-0: Ball 2-0: Foul Ball, location: 2F 2-1: Ground out 4-3 (Groundball, 4S)
|
Bottom of the 1st over - 0 run(s), 0 hit(s), 0 error(s), 0 left on base; Nassau 0 - Pocatello 0 |
TOP OF THE 2ND |
Nassau Rockets batting - Pitching for Pocatello Boccabellas : RHP Jesús De Los Santos
|
Batting: LHB Doug Thompson
|
0-0: Ball 1-0: Ball 2-0: Ground out U3 (Groundball, 34)
|
Batting: LHB Wilson Allen
|
0-0: Ground out 3-1 (Groundball, 34S)
|
Batting: LHB Shiro Ueno
|
0-0: Ground out 6-3 (Groundball, 6)
|
Top of the 2nd over - 0 run(s), 0 hit(s), 0 error(s), 0 left on base; Nassau 0 - Pocatello 0 |
BOTTOM OF THE 2ND |
Pocatello Boccabellas batting - Pitching for Nassau Rockets : RHP Jing-xiang Fa
|
Batting: RHB Jeremy Carr
|
0-0: Ground out 5-3 (Groundball, 56)
|
Batting: SHB Glenn Vadnais
|
0-0: Called Strike 0-1: Swinging Strike 0-2: Ground out 4-3 (Groundball, 34)
|
Batting: RHB Ernesto Acosta
|
0-0: Ball 1-0: Called Strike 1-1: Ball 2-1: SINGLE (Line Drive, 4MD)
|
Batting: SHB Nick Cox
|
0-0: Called Strike 0-1: Ball 1-1: Fielders Choice at 2nd, 4-6 (Groundball, 34)
|
Bottom of the 2nd over - 0 run(s), 1 hit(s), 0 error(s), 0 left on base; Nassau 0 - Pocatello 0 |
TOP OF THE 3RD |
Nassau Rockets batting - Pitching for Pocatello Boccabellas : RHP Jesús De Los Santos
|
Batting: RHB Paul Bailey
|
0-0: Called Strike 0-1: Called Strike 0-2: Strikes out swinging
|
Batting: LHB Rafael Delgado
|
0-0: Called Strike 0-1: Ball 1-1: Ground out 1-3 (Groundball, 13S)
|
Batting: LHB Don Ramey
|
0-0: Fly out, F7 (Flyball, 7S)
|
Top of the 3rd over - 0 run(s), 0 hit(s), 0 error(s), 0 left on base; Nassau 0 - Pocatello 0 |
BOTTOM OF THE 3RD |
Pocatello Boccabellas batting - Pitching for Nassau Rockets : RHP Jing-xiang Fa
|
Batting: RHB José Delgado
|
0-0: Called Strike 0-1: SINGLE (Line Drive, 4D)
|
Batting: LHB Jim Jensen
|
0-0: Ball 1-0: Foul Ball, location: 2F 1-1: Ball 2-1: Ball 3-1: DOUBLE (Line Drive, 7LS) José Delgado to third
|
Batting: RHB Tomás Carranza
|
0-0: Ball 1-0: Swinging Strike 1-1: Ball 2-1: Fly out, F8 (Flyball, 8RM) Runner from 3rd tags up, SCORES, no throw
|
Batting: RHB Francisco Sandoval
|
0-0: Foul Ball, location: 2F 0-1: Called Strike 0-2: Foul Ball, location: 2F 0-2: Ball 1-2: Foul Ball, location: 2F 1-2: Foul Ball, location: 2F 1-2: Ball 2-2: Foul Ball, location: 2F 2-2: Ball 3-2: SINGLE (Line Drive, 89M) Jim Jensen to third
|
Batting: RHB Marlon Phipps
|
Pickoff Throw to First - Out! 0-0: Called Strike 0-1: Fly out, F7 (Line Drive, 7)
|
Bottom of the 3rd over - 1 run(s), 3 hit(s), 0 error(s), 1 left on base; Nassau 0 - Pocatello 1 |
TOP OF THE 4TH |
Nassau Rockets batting - Pitching for Pocatello Boccabellas : RHP Jesús De Los Santos
|
Batting: RHB Salvador Borbón
|
0-0: Ball 1-0: Ball 2-0: Fly out, F8 (Flyball, 8LXD)
|
Batting: SHB Howard Parker
|
0-0: Foul Ball, location: 2F 0-1: Foul Ball, location: 2F 0-2: Ball 1-2: Foul Ball, location: 2F 1-2: Foul Ball, location: 2F 1-2: Foul Ball, location: 2F 1-2: Foul Ball, location: 2F 1-2: Fly out, F8 (Line Drive, 8LM)
|
Batting: LHB Bob Martin
|
0-0: Called Strike 0-1: Foul Ball, location: 2F 0-2: Foul Ball, location: 2F 0-2: SOLO HOME RUN (Line Drive, 89XD), Distance : 479 ft
|
Batting: LHB Doug Thompson
|
0-0: Swinging Strike 0-1: Ball 1-1: SINGLE (Groundball, 3D)
|
Batting: LHB Wilson Allen
|
0-0: Swinging Strike 0-1: Swinging Strike 0-2: Fielders Choice at 2nd, 6-4 (Groundball, 6)
|
Top of the 4th over - 1 run(s), 2 hit(s), 0 error(s), 0 left on base; Nassau 1 - Pocatello 1 |
BOTTOM OF THE 4TH |
Pocatello Boccabellas batting - Pitching for Nassau Rockets : RHP Jing-xiang Fa
|
Batting: RHB Jeremy Carr
|
0-0: Called Strike 0-1: Called Strike 0-2: Ball 1-2: Ground out 5-3 (Groundball, 25)
|
Batting: SHB Glenn Vadnais
|
0-0: Ball 1-0: Swinging Strike 1-1: Ground out 4-3 (Groundball, 34D)
|
Batting: RHB Ernesto Acosta
|
0-0: Called Strike 0-1: Ball 1-1: Ball 2-1: Fly out, F7 (Flyball, 78XD)
|
Bottom of the 4th over - 0 run(s), 0 hit(s), 0 error(s), 0 left on base; Nassau 1 - Pocatello 1 |
TOP OF THE 5TH |
Nassau Rockets batting - Pitching for Pocatello Boccabellas : RHP Jesús De Los Santos
|
Batting: LHB Shiro Ueno
|
0-0: Ball 1-0: Ball 2-0: Swinging Strike 2-1: Foul Ball, location: 2F 2-2: Foul Ball, location: 2F 2-2: Foul Ball, location: 2F 2-2: Foul Ball, location: 2F 2-2: Strikes out swinging
|
Batting: RHB Paul Bailey
|
0-0: Foul Ball, location: 2F 0-1: Swinging Strike 0-2: Ball 1-2: Strikes out looking
|
Batting: LHB Rafael Delgado
|
0-0: Ball 1-0: Foul Ball, location: 2F 1-1: Ball 2-1: Swinging Strike 2-2: SINGLE (Groundball, 6MD)
|
Batting: LHB Don Ramey
|
0-0: Called Strike Rafael Delgado is caught stealing 2nd base
|
Top of the 5th over - 0 run(s), 1 hit(s), 0 error(s), 0 left on base; Nassau 1 - Pocatello 1 |
BOTTOM OF THE 5TH |
Pocatello Boccabellas batting - Pitching for Nassau Rockets : RHP Jing-xiang Fa
|
Batting: SHB Nick Cox
|
0-0: Ball 1-0: Foul Ball, location: 2F 1-1: Ball 2-1: Fly out, F7 (Flyball, 7)
|
Batting: RHB José Delgado
|
0-0: Foul Ball, location: 2F 0-1: Ground out 5-3 (Groundball, 56S)
|
Batting: LHB Jim Jensen
|
0-0: SINGLE (Groundball, 6D)
|
Batting: RHB Tomás Carranza
|
0-0: Ball 1-0: SINGLE (Groundball, 25) (infield hit) Jim Jensen to second
|
Batting: RHB Francisco Sandoval
|
0-0: Foul Ball, location: 2F 0-1: Fielders Choice at 2nd, 5-4 (Groundball, 5D)
|
Bottom of the 5th over - 0 run(s), 2 hit(s), 0 error(s), 1 left on base; Nassau 1 - Pocatello 1 |
TOP OF THE 6TH |
Nassau Rockets batting - Pitching for Pocatello Boccabellas : RHP Jesús De Los Santos
|
Batting: LHB Don Ramey
|
0-0: Ball 1-0: Foul Ball, location: 2F 1-1: Ball 2-1: Ball 3-1: Called Strike 3-2: Base on Balls
|
Batting: RHB Salvador Borbón
|
0-0: Called Strike 0-1: Ball 1-1: Fly out, F7 (Flyball, 78D)
|
Batting: SHB Howard Parker
|
0-0: Called Strike 0-1: Ball 1-1: Fly out, F7 (Flyball, 78S)
|
Batting: LHB Bob Martin
|
0-0: Ball 1-0: Foul Ball, location: 2F 1-1: Foul Ball, location: 2F 1-2: Ball 2-2: Ball 3-2: Strikes out swinging
|
Top of the 6th over - 0 run(s), 0 hit(s), 0 error(s), 1 left on base; Nassau 1 - Pocatello 1 |
BOTTOM OF THE 6TH |
Pocatello Boccabellas batting - Pitching for Nassau Rockets : RHP Jing-xiang Fa
|
Batting: RHB Marlon Phipps
|
0-0: Ball 1-0: Called Strike 1-1: Foul Ball, location: 2F 1-2: Foul Ball, location: 2F 1-2: Foul Ball, location: 2F 1-2: Foul Ball, location: 2F 1-2: Fly out, F5 (Line Drive, 56)
|
Batting: RHB Jeremy Carr
|
0-0: Ball 1-0: Ball 2-0: Ball 3-0: Called Strike 3-1: Base on Balls
|
Batting: SHB Glenn Vadnais
|
0-0: Called Strike 0-1: Ball 1-1: Ball 2-1: Ground out U3 (Groundball, 3S) Jeremy Carr to second
|
Batting: RHB Ernesto Acosta
|
0-0: Called Strike 0-1: DOUBLE (Flyball, 7LM) Jeremy Carr scores
|
Batting: SHB Nick Cox
|
0-0: Ball 1-0: Called Strike 1-1: Swinging Strike 1-2: Ground out 6-3 (Groundball, 6)
|
Bottom of the 6th over - 1 run(s), 1 hit(s), 0 error(s), 1 left on base; Nassau 1 - Pocatello 2 |
TOP OF THE 7TH |
Nassau Rockets batting - Pitching for Pocatello Boccabellas : RHP Jesús De Los Santos
|
Pitching: LHP Mark Murchison
|
|
Batting: LHB Doug Thompson
|
0-0: Ball 1-0: Called Strike 1-1: Swinging Strike 1-2: Ball 2-2: Ball 3-2: Base on Balls
|
Batting: LHB Wilson Allen
|
0-0: Ball 1-0: Sac Bunt - play at first, batter OUT! 1-4 Doug Thompson to second
|
Batting: LHB Shiro Ueno
|
0-0: Foul Ball, location: 2F 0-1: Ball 1-1: Foul Ball, location: 2F 1-2: Ground out 6-3 (Groundball, 6M) Doug Thompson to third
|
Batting: RHB Paul Bailey
|
0-0: Called Strike 0-1: Ball 1-1: Swinging Strike 1-2: Foul Ball, location: 2F 1-2: Ball 2-2: Strikes out swinging
|
Top of the 7th over - 0 run(s), 0 hit(s), 0 error(s), 1 left on base; Nassau 1 - Pocatello 2 |
BOTTOM OF THE 7TH |
Pocatello Boccabellas batting - Pitching for Nassau Rockets : RHP Jing-xiang Fa
|
Batting: RHB José Delgado
|
0-0: SINGLE (Line Drive, 89S)
|
Batting: LHB Jim Jensen
|
0-0: Called Strike José Delgado is caught stealing 2nd base 0-1: Swinging Strike 0-2: SINGLE (Groundball, 34D)
|
Batting: RHB Tomás Carranza
|
0-0: Ball 1-0: Ball 2-0: Fly out, F6 (Popup, 6D)
|
Batting: RHB Francisco Sandoval
|
0-0: Ball 1-0: Swinging Strike 1-1: SINGLE (Line Drive, 56D) Jim Jensen to second
|
Batting: RHB Marlon Phipps
|
0-0: Ball 1-0: DOUBLE (Line Drive, 7D) Jim Jensen scores Francisco Sandoval to third
|
Batting: RHB Jeremy Carr
|
0-0: Ball 1-0: Fly out, F7 (Flyball, 78D)
|
Bottom of the 7th over - 1 run(s), 4 hit(s), 0 error(s), 2 left on base; Nassau 1 - Pocatello 3 |
TOP OF THE 8TH |
Nassau Rockets batting - Pitching for Pocatello Boccabellas : LHP Mark Murchison
|
Batting: LHB Rafael Delgado
|
0-0: DOUBLE (Line Drive, 7LM)
|
Batting: LHB Don Ramey
|
0-0: Swinging Strike 0-1: Ball 1-1: Ball 2-1: Swinging Strike 2-2: Ball 3-2: Fly out, F8 (Flyball, 8LS)
|
Pitching: RHP Adrián Martínez
|
|
Batting: RHB Salvador Borbón
|
0-0: Called Strike 0-1: Called Strike 0-2: Foul Ball, location: 2F 0-2: Strikes out looking
|
Batting: SHB Howard Parker
|
0-0: Ball 1-0: Ball 2-0: Ball 3-0: Base on Balls
|
Batting: LHB Bob Martin
|
0-0: Ball 1-0: Called Strike 1-1: Ball 2-1: Foul Ball, location: 2F 2-2: Strikes out swinging
|
Top of the 8th over - 0 run(s), 1 hit(s), 0 error(s), 2 left on base; Nassau 1 - Pocatello 3 |
BOTTOM OF THE 8TH |
Pocatello Boccabellas batting - Pitching for Nassau Rockets : RHP Jing-xiang Fa
|
Pitching: RHP Juan Franco
|
|
Batting: SHB Glenn Vadnais
|
0-0: Called Strike 0-1: Ball 1-1: Ball 2-1: Ball 3-1: Foul Ball, location: 2F 3-2: Strikes out swinging
|
Batting: RHB Ernesto Acosta
|
0-0: Called Strike 0-1: Foul Ball, location: 2F 0-2: Ground out 6-3 (Groundball, 6)
|
Batting: SHB Nick Cox
|
0-0: Ball 1-0: Ball 2-0: Swinging Strike 2-1: Foul Ball, location: 2F 2-2: Ball 3-2: Strikes out swinging
|
Bottom of the 8th over - 0 run(s), 0 hit(s), 0 error(s), 0 left on base; Nassau 1 - Pocatello 3 |
TOP OF THE 9TH |
Nassau Rockets batting - Pitching for Pocatello Boccabellas : RHP Adrián Martínez
|
Pitching: RHP Jaime Espinoza
|
|
Batting: LHB Doug Thompson
|
0-0: Foul Ball, location: 2F 0-1: Ball 1-1: Foul Ball, location: 2F 1-2: Strikes out swinging
|
Batting: LHB Wilson Allen
|
0-0: Called Strike 0-1: Foul Ball, location: 2F 0-2: Ball 1-2: Foul Ball, location: 2F 1-2: Foul Ball, location: 2F 1-2: Strikes out swinging
|
Batting: LHB Shiro Ueno
|
0-0: Ball 1-0: Foul Ball, location: 2F 1-1: Swinging Strike 1-2: Strikes out swinging
|
Top of the 9th over - 0 run(s), 0 hit(s), 0 error(s), 0 left on base; Nassau 1 - Pocatello 3 |
|